 Dungeon Crawl Stone Soup version 0.26-a0-264-g3a471323bd (webtiles) character file.

Game seed: 3488461677456550974

151 BritishOli the Skirmisher (level 5, -3/42 HPs)
             Began as a Demonspawn Fighter on July 11, 2020.
             Killed from afar by an orc wizard (7 damage)
             ... with a magic dart
             ... on level 3 of the Dungeon.
             The game lasted 00:01:55 (2342 turns).

BritishOli the Skirmisher (Demonspawn Fighter)      Turns: 2342, Time: 00:01:56

Health: -3/42      AC:  6    Str: 18    XL:     5   Next: 11%
Magic:  5/5        EV: 12    Int:  9    God:
Gold:   143        SH:  0    Dex: 12    Spells: 4/4 levels left

rFire    . . .     SeeInvis .   a - +0 long sword
rCold    . . .     Faith    .   c - +0 kite shield
rNeg     . . .     Spirit   .   b - +0 scale mail
rPois    .         Reflect  .   (no helmet)
rElec    .         Harm     .   (no cloak)
rCorr    .                      (no gloves)
MR       .....                  (no boots)
Stlth    ..........             m - amulet of the acrobat
HPRegen  0.14/turn              (no ring)
MPRegen  0.09/turn              h - ring of stealth

@: confused, agile
A: hooves 1, powered by pain 1
a: no special abilities


You were on level 3 of the Dungeon.
You were not hungry.

You visited 1 branch of the dungeon, and saw 3 of its levels.

You collected 143 gold pieces.

Inventory:

Hand Weapons
 a - a +0 long sword (weapon)
Armour
 b - a +0 scale mail (worn)
 c - a +0 kite shield (worn)
Jewellery
 h - a ring of stealth (right hand)
 m - an amulet of the acrobat (around neck)
Scrolls
 e - a scroll of teleportation {unknown}
 i - a scroll of remove curse
 k - 3 scrolls of identify {unknown}
 n - a scroll of fog {unknown}
Potions
 d - a potion of might
 g - a potion of berserk rage {unknown}
 j - a potion of haste {unknown}
 l - a potion of brilliance {unknown}
 o - 2 potions of lignification {unknown}
Comestibles
 f - 18 rations


   Skills:
 + Level 3.9 Fighting
 + Level 2.8 Long Blades
 + Level 3.5 Armour
 + Level 3.5 Shields


You had 4 spell levels left.
You didn't know any spells.
Your spell library was empty.

Dungeon Overview and Level Annotations

Branches:
Dungeon (3/15)

Altars:


Innate Abilities, Weirdness & Mutations

You have large cloven feet.
You sometimes gain a little power by taking damage.


Message History

You hear some strange, mumbled words.
A puff of flame appears from out of thin air!
The puff of flame hits you. The orc misses you.
You barely miss something. You kick something.
Something hits you but does no damage.
An orc comes into view. It is wielding a +0 hand axe.
The orc barely misses you.
You hear some strange, mumbled words.
You are more confused.
You bump into the rock wall.
The orc hits you from afar with a +0 trident!
* * * LOW HITPOINT WARNING * * *
Something barely misses you.
You bump into the rock wall.
The orc hits you from afar with a +0 trident.
* * * LOW HITPOINT WARNING * * *
You hear some strange, mumbled words.
A magic dart appears from out of thin air!
The magic dart hits you!
You die...

####.#####..##.....
#..............##.#
#.##.#####..#####.#
#..#.#####..#####.#
##.#...............#
#.###.##############
##.#.## # ##.# # #@#
..##### #{# #......


oo. ..#..## ##..# #..## #..# #.... #.o. #...# ##.# ....... .# ##..... #.##.# You
could see 3 orcs.

Vanquished Creatures
  2 orc wizards (D:3)
  3 adders (D:2)
  An ooze (D:2)
  2 worms (D:2)
  A dart slug (D:2)
  2 leopard geckos (D:2)
  5 orcs (D:3)
  3 bats
  3 giant cockroaches
  10 goblins
  5 hobgoblins
  9 kobolds
  A quokka (D:3)
  2 ball pythons
  3 frilled lizards
  10 rats
62 creatures vanquished.

Notes
Turn   | Place    | Note
-------+----------+-------------------------------------------
     0 | D:1      | BritishOli the Demonspawn Fighter began the quest for the
                  | Orb.
     0 | D:1      | Reached XP level 1. HP: 18/18 MP: 1/1
   258 | D:1      | Gained mutation: You sometimes gain a little power by
                  | taking damage. [demonic ancestry]
   258 | D:1      | Reached XP level 2. HP: 24/24 MP: 2/2
   844 | D:2      | Gained mutation: You have large cloven feet. [demonic
                  | ancestry]
   844 | D:2      | Reached XP level 3. HP: 23/29 MP: 3/3
  1288 | D:2      | Reached XP level 4. HP: 28/35 MP: 4/4
  2329 | D:3      | Reached XP level 5. HP: 16/42 MP: 5/5
  2342 | D:3      | Killed from afar by an orc wizard

Illustrated notes

Levels and vault maps discovered:
D:1:      ncdulo_watergridlock, layout_basic
D:2:      layout_basic, first_ration, minmay_circled_x
D:3:      layout_loops_cross, nemelex_xobeh_ov_fountains_minmay,
          trog_butcher_becter

Skill      XL: |  1  2 |
---------------+-------+-----
Long Blades    | 2 |  2.8
Shields        | 3 |  3.5
Armour         | 3 |  3.5
Fighting       | |  3.9

Action                   |  1- 3 |  4- 6 || total
-------------------------+-------+-------++-------
Melee: Long sword        |   122 |    61 ||   183
       Kick              |    17 |    21 ||    38
  Use: Potion            |     2 |       ||     2
       Scroll            |     1 |       ||     1
  Eat: Ration            |     1 |     1 ||     2
Armor: Scale mail        |    58 |    28 ||    86
Dodge: Dodged            |    38 |    37 ||    75
Block: Kite shield       |    67 |    28 ||    95
       Rpst.: Long sword |    12 |    12 ||    24

Table legend:
 A = Non-vault XP
 B = Vault XP
 C = Vault XP percentage of total XP
 D = Non-vault monster count
 E = Vault monster count
 F = Vault count percentage of total count
                 A         B        C        D         E       F
            +---------+---------+-------+---------+---------+-------
      Total |     213 |       4 |   1.8 |      59 |       3 |   4.8
            +---------+---------+-------+---------+---------+-------
        D:1 |      36 |       0 |   0.0 |      24 |       0 |   0.0
        D:2 |      87 |       4 |   4.4 |      21 |       3 |  12.5
        D:3 |      90 |       0 |   0.0 |      14 |       0 |   0.0
            +---------+---------+-------+---------+---------+-------
